 Dungeon Crawl Stone Soup version 0.18-a0-316-gf882de5 (console) character file.

11870 endege the Cleaver (level 11, 0/100 HPs)
             Began as a Deep Dwarf Gladiator on Nov 27, 2015.
             Was an Elder of Makhleb.
             Splashed by an oklob plant's acid (11 damage)
             ... on level 1 of the Lair of Beasts.
             The game lasted 00:09:41 (9575 turns).

endege the Cleaver (Deep Dwarf Gladiator)           Turns: 9575, Time: 00:09:41

Health: 0/100      AC:  0    Str: 21    XL:     11   Next: 55%
Magic:  24/24      EV:  7    Int:  9    God:    Makhleb [****..]
Gold:   507        SH:  0    Dex: 14    Spells: 0 memorised, 10 levels left

rFire  . . .     SeeInvis +     i - +12 war axe {pain, +Blink MP+9}
rCold  + . .     Clarity  .     j - +0 plate armour
rNeg   . . .     SustAt   .     (no shield)
rPois  .         Gourm    .     c - +0 helmet
rElec  .         Spirit   .     o - +0 cloak
rCorr  .         Warding  .     y - +1 pair of gloves
rMut   .         Stasis   .     (no boots)
MR     +....                    (no amulet)
Stlth  ..........               z - ring of protection from cold
                                x - ring of see invisible

@: corroded equipment, non-regenerating, somewhat resistant to hostile
enchantments, extremely unstealthy
A: damage resistance, recharge devices, sense surroundings 2, slow regeneration
3
a: Device Recharging, Minor Destruction, Lesser Servant of Makhleb, Major
Destruction, Renounce Religion, Evoke Blink


You were on level 1 of the Lair of Beasts.
You worshipped Makhleb.
Makhleb was greatly pleased with you.
You were not hungry.

You visited 3 branches of the dungeon, and saw 12 of its levels.

You collected 740 gold pieces.
You spent 233 gold pieces at shops.


Innate Abilities, Weirdness & Mutations

You are resistant to damage.
You can recharge devices by infusing magical energy.
You passively map the area around you.
You do not regenerate naturally.


   Skills:
 - Level 7.2 Fighting
 + Level 14.2 Axes
 - Level 1.7 Throwing
 - Level 4.9 Armour
 - Level 3.2 Dodging
 + Level 11.9 Invocations


You had 10 spell levels left.
You didn't know any spells.

Inventory:

Hand Weapons
 i - the +12 war axe of Qobim (weapon) {pain, +Blink MP+9}
   (You found it on level 6 of the Dungeon)

   In the hands of one skilled in necromantic magic, it inflicts extra damage on
   living creatures.
   It affects your magic capacity (+9).
   It lets you blink.
Missiles
 w - 5 tomahawks (quivered)
Armour
 c - a +0 helmet (worn)
 j - a +0 plate armour (worn)
 o - a +0 cloak (worn)
 y - a +1 pair of gloves (worn)
Jewellery
 g - an uncursed ring of ice {unknown}
 m - a +1 ring of protection
 q - an uncursed ring of positive energy
 x - a ring of see invisible (left hand)
 z - a ring of protection from cold (right hand)
Wands
 l - a wand of random effects (37)
 Y - a wand of heal wounds (2)
Scrolls
 a - a scroll of identify
 r - 4 scrolls of remove curse
 s - 3 scrolls of teleportation
 v - a scroll of brand weapon {unknown}
Potions
 d - a potion of haste
 h - a potion of degeneration {unknown}
 n - 5 potions of curing
 t - 4 potions of might
 u - a potion of magic {unknown}
 C - a potion of cure mutation {unknown}
Comestibles
 b - 4 chunks of flesh
 e - 2 slices of pizza
 f - 8 bread rations
 k - 5 meat rations
 p - 3 beef jerkies
 A - 15 fruits

Dungeon Overview and Level Annotations

Branches:
Dungeon (10/15)            Temple (1/1) D:5            Lair (1/8) D:10
    Orc: D:9-12

Altars:
Ashenzari
Cheibriados
Dithmenos
Elyvilon
Fedhas
Gozag
Kikubaaqudgha
Makhleb
Nemelex Xobeh
Okawaru
Qazlal
Ru
Sif Muna
Trog
Vehumet
Xom
Yredelemnul
Zin
The Shining One

Shops:
D:5 *[:!   D:6 !   D:7 [


Message History

The splash of acid hits you!
The acid burns!
* * * LOW HITPOINT WARNING * * *
9575 ||| ZAPPING wand of heal wounds (3).
Evoke which item? (* to show all) (? for menu, Esc to quit)
Zapping:
Y - a wand of heal wounds (3)
Press: ? - help, Shift-Dir - straight line, f - you You feel much better.
This wand has 2 charges left.
The oklob plant spits acid at you. The splash of acid hits you!
The acid burns!
* * * LOW HITPOINT WARNING * * *
The oklob plant spits acid at you. The splash of acid hits you!
* * * LOW HITPOINT WARNING * * *
The acid corrodes you!
The acid burns!
* * * LOW HITPOINT WARNING * * *
The oklob plant spits acid at you. The splash of acid hits you!
* * * LOW HITPOINT WARNING * * *
The acid corrodes you!
The acid burns!
You die...

#.....(~~..>.......
#.....~............
#.....=............
#..........#######.
#..........# #.
#..........# ##.
#..........# #..
#..........# ##.
#..........# #.
######'######.# #.
#P~~.@...~~P#.# #.
#.~........P#.## #.
#P~........P#..# #.
#.........~.#.## #.
#.~.......~.#.#######.
#.~~.....~~.#.........
#####...##############
#)|)# *


You could see 5 oklob plants.

Vanquished Creatures
  A hydra (Lair:1)
  Pikel (D:6)
  The ghost of DEFE the Nimble, a novice SpFi of Cheibriados (D:8)
  Maurice (D:9)
  3 spiny frogs (Lair:1)
  A komodo dragon (Lair:1)
  A fire drake (D:10)
  3 blink frogs (Lair:1)
  3 wyverns
  A wraith (D:10)
  A hippogriff (D:9)
  A hungry ghost (D:9)
  8 yaks (Lair:1)
  Menkaure (D:7)
  A porcupine (Lair:1)
  3 sky beasts
  A water moccasin (D:10)
  2 orc warriors
  9 ice beasts
  An eye of draining (D:8)
  2 black bears
  A necrophage (D:10)
  5 phantoms
  2 centaurs
  4 ogres
  3 big kobolds
  2 crocodiles (Lair:1)
  9 giant frogs
  A wyvern skeleton (D:10)
  A scorpion (D:10)
  12 killer bees
  3 wights (D:8)
  A crimson imp (D:7)
  A giant frog zombie (D:5)
  A centaur zombie (D:6)
  A jelly (D:10)
  3 orc priests
  6 hounds
  3 giant frog skeletons
  9 orc wizards
  4 iguanas
  Jessica (D:3)
  Terence (D:3)
  7 worker ants
  5 sheep (Lair:1)
  4 hound skeletons
  11 adders
  A worker ant zombie (D:5)
  5 river rats (Lair:1)
  2 shadow imps
  An ooze (D:2)
  An adder zombie (D:6)
  2 adder skeletons
  3 worms
  4 giant geckos
  31 orcs
  A ball python (D:4)
  6 bats
  6 giant cockroaches
  4 hobgoblins
  2 jackals (D:5)
  14 kobolds
  6 quokkas
  A giant gecko skeleton (D:7)
  4 giant newts
  8 goblins
  2 jackal zombies (D:7)
  A quokka skeleton (D:8)
  5 rats
257 creatures vanquished.

Vanquished Creatures (others)
  An ice beast (D:6)
  2 slaves (D:6)
  A centaur (D:6)
  A giant gecko (D:6)
  3 orcs (D:6)
8 creatures vanquished.

Grand Total: 265 creatures vanquished

Notes
Turn   | Place    | Note
--------------------------------------------------------------
     0 | D:1      | endege the Deep Dwarf Gladiator began the quest for the Orb.
     0 | D:1      | Reached XP level 1. HP: 19/19 MP: 1/1
     0 | D:1      | 0 ||| counter = 28
   172 | D:1      | Reached XP level 2. HP: 24/26 MP: 2/2
   417 | D:1      | Reached skill level 4 in Axes
   646 | D:1      | 646 ||| READING scroll labeled AFECAE QENIARE.
   647 | D:1      | 647 ||| DROPPING 5 throwing nets.
   919 | D:2      | Reached XP level 3. HP: 27/32 MP: 3/3
  1006 | D:2      | Found an iron altar of Okawaru.
  1028 | D:2      | Found a glowing golden altar of the Shining One.
  1029 | D:2      | Found a sacrificial altar of Ru.
  1029 | D:2      | Found a basalt altar of Yredelemnul.
  1117 | D:2      | 1117 ||| ZAPPING wand of heal wounds (5).
  1442 | D:2      | 1442 ||| UPGRADING to plate armour.
  1452 | D:2      | 1452 ||| DROPPING +0 leather armour.
  1453 | D:2      | 1453 ||| UPGRADING to cloak.
  1458 | D:2      | 1458 ||| READING 2 scrolls labeled CETZIV HOUH.
  1459 | D:2      | 1459 ||| READING scroll of enchant weapon.
  1459 | D:2      | 1459 ||| ENCHANTING +1 war axe.
  1460 | D:2      | 1460 ||| READING scroll labeled KOTURR VUBOERPH.
  1461 | D:2      | 1461 ||| READING scroll labeled VOULYL TAULE.
  1462 | D:2      | 1462 ||| DROPPING wand of confusion.
  1501 | D:3      | Reached skill level 5 in Axes
  1501 | D:3      | Reached skill level 1 in Armour
  1501 | D:3      | Reached XP level 4. HP: 16/40 MP: 4/4
  1502 | D:3      | 1502 ||| ZAPPING wand of heal wounds (4).
  1506 | D:3      | 1506 ||| MP-RECHARGING wand of heal wounds (3).
  1576 | D:3      | Noticed Terence
  1582 | D:3      | Killed Terence
  1723 | D:3      | Reached XP level 5. HP: 36/46 MP: 4/4
  2064 | D:3      | Noticed Jessica
  2070 | D:3      | Killed Jessica
  2477 | D:3      | 2477 ||| READING 3 scrolls labeled XETHEI NAESYR.
  2478 | D:3      | 2478 ||| READING scroll labeled QULEGI FACVIY.
  2479 | D:3      | 2479 ||| DRINKING 2 fizzy green potions.
  2480 | D:3      | 2480 ||| DROPPING wand of enslavement.
  2481 | D:3      | 2481 ||| DROPPING 2 scrolls of fog.
  2525 | D:4      | Reached skill level 3 in Fighting
  2595 | D:4      | Noticed an ogre
  2598 | D:4      | Reached skill level 6 in Axes
  2598 | D:4      | Reached XP level 6. HP: 53/56 MP: 5/5
  2604 | D:4      | 2604 ||| DRINKING potion of heal wounds.
  2655 | D:4      | 2655 ||| ZAPPING wand of heal wounds (7).
  2692 | D:4      | Reached skill level 7 in Axes
  2692 | D:4      | Reached XP level 7. HP: 36/62 MP: 6/6
  2697 | D:4      | 2697 ||| ZAPPING wand of heal wounds (6).
  2703 | D:4      | 2703 ||| ZAPPING wand of heal wounds (5).
  2788 | D:4      | 2788 ||| ZAPPING wand of heal wounds (4).
  2789 | D:4      | 2789 ||| MP-RECHARGING wand of heal wounds (3).
  2805 | D:4      | Reached skill level 8 in Axes
  2819 | D:4      | Found a shattered altar of Ashenzari.
  3288 | D:4      | 3288 ||| READING scroll labeled REENTA WUXIR.
  3289 | D:4      | 3289 ||| DRINKING 2 inky potions.
  3290 | D:4      | 3290 ||| READING scroll of identify.
  3290 | D:4      | 3290 ||| IDENTIFYING dented jade amulet
  3291 | D:4      | 3291 ||| DROPPING cursed amulet of inaccuracy.
  3292 | D:4      | 3292 ||| DROPPING potion of cancellation.
  3301 | D:5      | Entered Level 5 of the Dungeon
  3308 | D:5      | Found Kaarup's Antique Armour Boutique.
  3317 | D:5      | Bought a glowing chain mail for 121 gold pieces
  3428 | D:5      | Found Zuvar's Distillery.
  3438 | D:5      | Reached skill level 3 in Armour
  3457 | D:5      | Bought a potion of might for 48 gold pieces
  3506 | D:5      | Reached XP level 8. HP: 50/73 MP: 6/6
  3518 | D:5      | 3518 ||| ZAPPING wand of heal wounds (5).
  3520 | D:5      | Reached skill level 9 in Axes
  3617 | D:5      | 3617 ||| ZAPPING wand of heal wounds (4).
  3618 | D:5      | 3618 ||| MP-RECHARGING wand of heal wounds (3).
  3623 | D:5      | 3623 ||| MP-RECHARGING wand of heal wounds (3).
  3641 | D:5      | Found a staircase to the Ecumenical Temple.
  3647 | Temple   | Entered the Ecumenical Temple
  3648 | Temple   | 3648 ||| Entered T.
  3660 | Temple   | Became a worshipper of Makhleb the Destroyer
  3709 | Temple   | 3709 ||| UPGRADING to glowing chain mail.
  3719 | Temple   | 3719 ||| UPGRADING to +0 plate armour.
  3729 | Temple   | 3729 ||| DROPPING +2 chain mail of positive energy.
  3730 | Temple   | 3730 ||| READING scroll labeled EMOGIL PAMYFI.
  3731 | Temple   | 3731 ||| DRINKING 5 fizzy emerald potions.
  3767 | Temple   | 3767 ||| DRINKING 2 fuming coppery potions.
  3768 | Temple   | 3768 ||| DROPPING wand of paralysis.
  3769 | Temple   | 3769 ||| DROPPING 4 potions of lignification.
  3770 | Temple   | 3770 ||| DROPPING potion of poison.
  3893 | D:5      | Found Diusol's General Store.
  3903 | D:5      | Bought a scroll of identify for 24 gold pieces
  3938 | D:5      | Reached skill level 1 in Invocations
  3987 | D:5      | Found a blossoming altar of Fedhas.
  4015 | D:5      | Found a snail-covered altar of Cheibriados.
  4053 | D:5      | Found Qobienne's Book Shop.
  4118 | D:5      | 4118 ||| ZAPPING wand of heal wounds (7).
  4120 | D:5      | Reached skill level 3 in Invocations
  4121 | D:5      | 4121 ||| ZAPPING wand of heal wounds (6).
  4182 | D:5      | 4182 ||| READING 2 scrolls of identify.
  4182 | D:5      | 4182 ||| IDENTIFYING cabochon ring
  4183 | D:5      | 4183 ||| UPGRADING to ring of protection from cold.
  4263 | D:6      | Noticed Pikel
  4280 | D:6      | Killed Pikel
  4280 | D:6      | Reached skill level 10 in Axes
  4280 | D:6      | Gained mutation: You passively map the area around you. [Deep Dwarf growth]
  4280 | D:6      | Reached XP level 9. HP: 70/81 MP: 7/9
  4407 | D:6      | Reached * piety under Makhleb
  4481 | D:6      | 4481 ||| DRINKING potion of heal wounds.
  4599 | D:6      | Found a bloodstained altar of Trog.
  4615 | D:6      | Got a translucent war axe
  4616 | D:6      | 4616 ||| UPGRADING to translucent war axe.
  4616 | D:6      | Identified the +12 war axe of Qobim {pain, +Blink MP+9} (You found it on level 6 of the Dungeon)
  4617 | D:6      | 4617 ||| DROPPING +2 war axe.
  4667 | D:6      | Reached skill level 11 in Axes
  4810 | D:6      | Reached ** piety under Makhleb
  4982 | D:6      | Found Peful's Distillery.
  4990 | D:6      | Bought a potion of might for 40 gold pieces
  5088 | D:6      | 5088 ||| READING scroll labeled DEWOAM DIATOIHANU.
  5089 | D:6      | 5089 ||| READING scroll labeled KUSOSK ROUMM.
  5090 | D:6      | 5090 ||| READING scroll labeled XASUEJ LELIHEA.
  5093 | D:6      | 5093 ||| READING 2 scrolls of identify.
  5093 | D:6      | 5093 ||| IDENTIFYING steel ring
  5094 | D:6      | 5094 ||| UPGRADING to +1 ring of protection.
  5357 | D:7      | Found Fuesei's Antique Armour Shoppe.
  5416 | D:7      | Reached skill level 6 in Invocations
  5446 | D:7      | Noticed Menkaure
  5452 | D:7      | Killed Menkaure
  5452 | D:7      | Reached skill level 6 in Fighting
  5452 | D:7      | Reached skill level 12 in Axes
  5709 | D:7      | 5709 ||| READING scroll labeled OMEF ULESA.
  5710 | D:7      | 5710 ||| DRINKING 2 white potions.
  5711 | D:7      | 5711 ||| DRINKING 2 cyan potions.
  5712 | D:7      | 5712 ||| READING 2 scrolls of identify.
  5712 | D:7      | 5712 ||| IDENTIFYING tubular coral ring
  5713 | D:7      | 5713 ||| DROPPING ring of sustain attributes.
  5714 | D:7      | 5714 ||| DROPPING potion of brilliance.
  5771 | D:8      | Reached XP level 10. HP: 91/91 MP: 12/12
  5775 | D:8      | Reached *** piety under Makhleb
  5927 | D:8      | 5927 ||| ZAPPING wand of heal wounds (5).
  6076 | D:8      | Noticed DEFE's ghost (novice SpFi)
  6085 | D:8      | Killed DEFE's ghost
  6483 | D:8      | Found a blossoming altar of Fedhas.
  6589 | D:8      | 6589 ||| READING scroll labeled JOETOR ZUSAADWUYD.
  6590 | D:8      | 6590 ||| READING scroll labeled JESIWAU QOIHU.
  6591 | D:8      | 6591 ||| READING 2 scrolls of identify.
  6591 | D:8      | 6591 ||| IDENTIFYING granite ring
  6647 | D:9      | 6647 ||| STAIRDANCE
  7061 | D:9      | Noticed Maurice
  7064 | D:9      | Reached skill level 9 in Invocations
  7069 | D:9      | Killed Maurice
  7069 | D:9      | Reached skill level 13 in Axes
  7103 | D:9      | Reached **** piety under Makhleb
  7240 | D:9      | 7240 ||| UPGRADING to pair of gloves.
  7245 | D:9      | 7245 ||| READING 3 scrolls labeled XOEPLU ITHRO.
  7246 | D:9      | 7246 ||| READING 2 scrolls of identify.
  7246 | D:9      | 7246 ||| IDENTIFYING twisted agate ring
  7247 | D:9      | 7247 ||| UPGRADING to ring of see invisible.
  7249 | D:9      | 7249 ||| UPGRADING to ring of protection from cold.
  7251 | D:9      | 7251 ||| DROPPING 2 scrolls of vulnerability.
  7279 | D:10     | Entered Level 10 of the Dungeon
  7287 | D:10     | 7287 ||| STAIRDANCE
  7638 | D:10     | Found a staircase to the Lair.
  7798 | D:10     | 7798 ||| READING scroll of enchant armour.
  7798 | D:10     | 7798 ||| ENCHANTING +0 pair of gloves.
  8005 | D:10     | Reached XP level 11. HP: 94/99 MP: 15/15
  8220 | D:10     | 8220 ||| EATING 3 slices of pizza.
  8449 | D:10     | 8449 ||| DRINKING 2 blue potions.
  8450 | D:10     | 8450 ||| READING 2 scrolls of identify.
  8450 | D:10     | 8450 ||| IDENTIFYING smoky yellow potion
  8451 | D:10     | 8451 ||| DROPPING potion of mutation.
  8452 | D:10     | 8452 ||| DROPPING wand of flame.
  8501 | Lair:1   | Entered Level 1 of the Lair of Beasts
  8502 | Lair:1   | 8502 ||| Entered L.
  8558 | Lair:1   | Noticed an eight-headed hydra
  8559 | Lair:1   | 8559 ||| INVOKING MAJOR DESTRUCTION
  8560 | Lair:1   | 8560 ||| INVOKING MAJOR DESTRUCTION
  8561 | Lair:1   | 8561 ||| INVOKING MAJOR DESTRUCTION
  8562 | Lair:1   | 8562 ||| INVOKING MAJOR DESTRUCTION
  8563 | Lair:1   | 8563 ||| INVOKING MAJOR DESTRUCTION
  8563 | Lair:1   | Killed an eight-headed hydra
  8564 | Lair:1   | 8564 ||| DRINKING 3 potions of heal wounds.
  8707 | Lair:1   | 8707 ||| DRINKING 2 potions of heal wounds.
  8818 | Lair:1   | Reached skill level 14 in Axes
  9071 | Lair:1   | Reached ***** piety under Makhleb
  9189 | Lair:1   | 9189 ||| INVOKING Greater Servant of Makhleb.
  9189 | Lair:1   | Noticed an Executioner
  9190 | Lair:1   | 9190 ||| READING 5 scrolls of teleportation.
  9191 | Lair:1   | 9191 ||| DRINKING potion of heal wounds.
  9192 | Lair:1   | 9192 ||| ZAPPING wand of heal wounds (4).
  9193 | Lair:1   | 9193 ||| ZAPPING wand of heal wounds (3).
  9194 | Lair:1   | 9194 ||| MP-RECHARGING wand of heal wounds (2).
  9292 | Lair:1   | 9292 ||| READING 4 scrolls of teleportation.
  9297 | Lair:1   | 9297 ||| ZAPPING wand of heal wounds (6).
  9571 | Lair:1   | 9571 ||| ZAPPING wand of heal wounds (5).
  9574 | Lair:1   | 9574 ||| ZAPPING wand of heal wounds (4).
  9575 | Lair:1   | 9575 ||| ZAPPING wand of heal wounds (3).
  9575 | Lair:1   | HP: 25/100 [acid (6)]
  9575 | Lair:1   | HP: 11/100 [oklob plant/splash of acid (14)]
  9575 | Lair:1   | Splashed by an oklob plant's acid

Vault maps used:
D:1:      dpeg_arrival_long_road
D:2:      grunt_temple_overflow_open
D:3:      minmay_door_path, first_bread, uniq_jessica, uniq_terence
D:4:      ashenzari_conservatory_becter
D:5:      cheibrodos_worm_habitat, kennysheep_mini_moat,
          minmay_temple_entry_enclosed_plants, serial_shops,
          nicolae_shop_waterfront, kennysheep_mini, shop, shop,
          kennysheep_generic_room_12
D:6:      serial_shops, shop, kennysheep_diamond, amethyst_killhole,
          minmay_unpleasant_kobolds, uniq_pikel
D:7:      serial_shops, shop, grunt_ministairs_12, uniq_menkaure
D:8:      hangedman_tree_tricks
D:9:      kennysheep_path_1, uniq_maurice
D:10:     minmay_lair_entry_lava
Temple:   zaba_magenta_temple_12
Lair:1:   dpeg_oklob_gauntlet, infiniplex_staircase_pool

Action                   |  1- 3 |  4- 6 |  7- 9 | 10-12 || total
-------------------------+-------+-------+-------+-------++-------
Melee: War axe           |   136 |    94 |   331 |   255 ||   816
       Unarmed           |       |     3 |       |       ||     3
Throw: Tomahawk          |       |       |    59 |   184 ||   243
Invok: Major Destruction |       |       |       |     5 ||     5
       Greater Servant o |       |       |       |     1 ||     1
 Abil: Device Recharging |       |     1 |     2 |     1 ||     4
Evoke: Wand              |     1 |     2 |     7 |     7 ||    17
  Use: Scroll            |     5 |     2 |    10 |     9 ||    26
       Potion            |       |     2 |     6 |     4 ||    12
  Eat: Chunk             |     2 |     4 |    10 |    14 ||    30
       Pizza             |       |       |       |     1 ||     1
